 Dungeon Crawl Stone Soup version 0.29-a0-753-gb7bb9d756e (webtiles) character file.

Game seed: 17032503347903818413

196 Essalna the Magician (level 6, -3/46 HPs)
             Began as a Djinni Conjurer on June 30, 2022.
             Slain by a black bear (6 damage)
             ... on level 4 of the Dungeon.
             The game lasted 00:04:23 (3466 turns).

Essalna the Magician (Djinni Conjurer)              Turns: 3466, Time: 00:04:23

Health: -3/46      AC:  3    Str:  6    XL:     6   Next: 4%
Gold:   162        EV: 12    Int: 21    God:
                   SH:  0    Dex: 12

rFire   + + +      SeeInvis .   b - +0 flail
rCold   x . .      Faith    .   (no shield)
rNeg    . . .      Spirit   .   a - +0 robe
rPois   ∞          Reflect  .   (no helmet)
rElec   .          Harm     .   j - scarf {shadows}
rCorr   .          Rampage  .   k - +0 pair of gloves
Will    .....                   (boots unavailable)
Stlth   ++........              (no amulet)
HPRegen 0.15/turn               l - ring of protection from fire
MPRegen 0.00/turn               (no ring)

@: flying
A: sickness immunity, fire resistance 2, cold vulnerability 1, float, innate
caster, HP casting, extra vitality 1
a: no special abilities


You were on level 4 of the Dungeon.
You visited 1 branch of the dungeon, and saw 4 of its levels.

You collected 162 gold pieces.

Inventory:

Hand Weapons
 b - a +0 flail (weapon)
Armour
 a - a +0 robe (worn)
 g - a +0 cloak
 j - a scarf of shadows (worn)
 k - a +0 pair of gloves (worn)
Jewellery
 l - a ring of protection from fire (left hand)
Wands
 r - a wand of paralysis (5)
Scrolls
 c - 2 scrolls of teleportation {unknown}
 h - a scroll of vulnerability {unknown}
 i - 9 scrolls of identify {unknown}
 n - 2 scrolls of amnesia {unknown}
 o - a scroll of fog {unknown}
 s - a scroll of enchant weapon {unknown}
 t - a scroll of blinking {unknown}
 u - a scroll of acquirement {unknown}
 w - a scroll of silence {unknown}
Potions
 d - 3 potions of magic {unknown}
 e - 3 potions of haste {unknown}
 f - a potion of invisibility {unknown}
 m - 2 potions of mutation {unknown}
 p - 3 potions of heal wounds {unknown}
 q - a potion of cancellation {unknown}
 v - a potion of brilliance {unknown}


   Skills:
 + Level 3.6 Fighting
 - Level 2.1 Dodging
 - Level 1.5 Stealth
 + Level 4.4 Spellcasting


You couldn't memorise any spells.
You knew the following spells:

 Your Spells              Type           Power      Damage    Failure   Level
a - Magic Dart            Conj           92%        1d7       1%          1
b - Searing Ray           Conj           46%        2d6       2%          2
c - Dazzling Flash        Conj/Hex       46%        N/A       5%          3
d - Fulminant Prism       Conj/Hex       11%        3d9       19%         4
e - Iskenderun's Mystic   Conj/Tloc      23%        2d6       19%         4
f - Freeze                Ice            92%        1d10      1%          1
g - Poisonous Vapours     Pois/Air       46%        N/A       2%          2
Your spell library was empty.

Dungeon Overview and Level Annotations

Branches:
Dungeon (4/15)
 Temple: D:4-7

Altars:
Gozag


Innate Abilities, Weirdness & Mutations

You are immune to sickness and miasma.
You are immune to poison.
Your flesh is very heat resistant. (rF++)
You are vulnerable to cold. (rC-)
You float through the air rather than walking.
You learn spells naturally, not from books.
Your magical power is your life essence.
You have superior vitality. (+4 MHP)


Message History

There is a stone staircase leading down here.
Found an opulent altar of Gozag.
Found a spear.
A black bear comes into view.
The black bear growls angrily.
The black bear moves out of view.
Found 3 stones.
The magic dart hits the black bear.
The black bear is lightly wounded.
Casting: Magic Dart (safe; 1% risk of failure)
Confirm with . or Enter, or press ? or * to list all spells.
Aiming: Searing Ray (safe; 2% risk of failure)
Press: ? - help, Shift-Dir - straight line, f/p - black bear
Aim: a black bear (lightly wounded, 84% to hit)
The searing ray hits the black bear!
The black bear is heavily wounded. (Press . to maintain the ray.)
The searing ray hits the black bear but does no damage.
The black bear is heavily wounded.
The searing ray hits the black bear.
The black bear is severely wounded.
The black bear goes berserk!
The searing ray hits the black bear but does no damage.
The black bear is severely wounded.
You finish channelling your searing ray.
The black bear barely misses you. The black bear claws you.
The black bear barely misses you.
Casting: Searing Ray (safe; 2% risk of failure)
Confirm with . or Enter, or press ? or * to list all spells.
Aiming: Searing Ray (safe; 2% risk of failure)
Press: ? - help, Shift-Dir - straight line, f/p - black bear
Aim: a black bear (severely wounded, berserk, 84% to hit)
The searing ray misses the black bear. (Press . to maintain the ray.)
The black bear bites you! The black bear claws you. x2
The black bear bites you!
* * * LOW HITPOINT WARNING * * *
The black bear claws you but does no damage.
The black bear claws you.
You die...

#.....###.#
###.###..##.###
##.....##...>...
#.8...8.########
###.......#
##....._.....
#..#.......#..
#..#.8...8.#..
#.@##.....##
#).h###.###
#..... ...
#.........
#........
#........
#.......(


You could see a black bear (berserk).

Vanquished Creatures
  A jelly (D:4)
  3 orc wizards
  An adder (D:3)
  An ufetubus (D:3)
  A worm (D:4)
  A dart slug (D:3)
  12 orcs
  6 endoplasms
  2 goblins (D:1)
  8 hobgoblins
  A kobold (D:1)
  2 quokkas
  9 ball pythons
  5 bats
  4 frilled lizards
  2 rats
59 creatures vanquished.

Vanquished Creatures (others)
  4 toadstools (D:1)
4 creatures vanquished.

Grand Total: 63 creatures vanquished

Notes
Turn   | Place    | Note
-------+----------+-------------------------------------------
     0 | D:1      | Essalna the Djinni Conjurer began the quest for the Orb.
     0 | D:1      | Essalna set off with the following spells memorised: Magic
                  | Dart, Searing Ray, Dazzling Flash, Fulminant Prism,
                  | Iskenderun's Mystic Blast.
     0 | D:1      | Reached XP level 1. HP: 15/15 MP: 0/0
   319 | D:1      | Reached skill level 1 in Fighting
   319 | D:1      | Reached XP level 2. HP: 21/22 MP: 0/0
   856 | D:1      | Reached XP level 3. HP: 26/27 MP: 0/0
   856 | D:1      | Learned a level 1 spell: Freeze
  1819 | D:3      | Reached XP level 4. HP: 25/34 MP: 0/0
  1972 | D:3      | Found a faded altar of an unknown god.
  2152 | D:3      | Reached skill level 4 in Spellcasting
  2360 | D:3      | Identified the -2 pair of gloves of Torenocw {Contam rN+
                  | Dex+3 Stlth+}
  2403 | D:3      | Reached XP level 5. HP: 32/40 MP: 0/0
  2403 | D:3      | Learned a level 2 spell: Poisonous Vapours
  3326 | D:4      | Reached XP level 6. HP: 41/46 MP: 0/0
  3447 | D:4      | Found an opulent altar of Gozag.
  3459 | D:4      | Noticed a black bear
  3466 | D:4      | Slain by a black bear

Illustrated notes

Levels and vault maps discovered:
D:1:      ldierk_walled_garden_2, layout_loops_cross, hangedman_decor_growths
D:2:      layout_basic, corexii_shack, minmay_fractal_squares_gapless_5
D:3:      layout_loops_ring, nicolae_ecumenical_lake_church,
          chequers_serial_rivers_marsh
D:4:      layout_basic, grunt_gozag_statues

Skill      XL: |  1  2  3  4 |
---------------+-------------+-----
Fighting       | 1 2 3 |  3.6
Spellcasting   | 4 |  4.4
Dodging        | |  2.1
Stealth        | |  1.5

Action                   |  1- 3 |  4- 6 || total
-------------------------+-------+-------++-------
Melee: Flail             |     1 |       ||     1
 Cast: Magic Dart        |    63 |    67 ||   130
       Searing Ray       |     2 |     6 ||     8
 Stab: Sleeping          |     1 |       ||     1
Armor: Robe              |     2 |     4 ||     6
Dodge: Dodged            |     8 |    21 ||    29

Table legend: (Time is in decaauts)
 A = Elapsed time spent in this place.
 B = Non-inter-level travel time spent in this place.
 C = Inter-level travel time spent in this place.
 D = Time resting spent in this place.
 E = Time spent auto-exploring this place.
 F = Levels seen in this place.
 G = Mean time per level.
                   A        B        C        D        E       F      G
               +--------+--------+--------+--------+--------+-----+--------+
         Total |   3465 |   3370 |     95 |     66 |   2920 |   4 |  866.2 |
       Dungeon |   3465 |   3370 |     95 |     66 |   2920 |   4 |  866.2 |
               +--------+--------+--------+--------+--------+-----+--------+

Top non-repeatable levels by time:
     D:3: 1181 daAuts
     D:1: 963 daAuts
     D:2: 730 daAuts
     D:4: 589 daAuts
